 Dungeon Crawl Stone Soup version 0.19.1 (webtiles) character file.

153531 Wurzelsepp the Unseen (level 17, -11/94 HPs)
             Began as a Spriggan Enchanter on Dec 24, 2016.
             Was the Champion of Dithmenos.
             Mangled by a nagaraja
             ... wielding a +0 spear
              (16 damage)
             ... on level 2 of the Snake Pit.
             The game lasted 03:32:54 (46953 turns).

Wurzelsepp the Unseen (Spriggan Enchanter)         Turns: 46953, Time: 03:32:54

Health: -11/94     AC:  5    Str:  4    XL:     17   Next: 4%
Magic:  32/34      EV: 32    Int: 23    God:    Dithmenos [******]
Gold:   2597       SH:  0    Dex: 17    Spells: 9 memorised, 22 levels left

rFire  . . .     SeeInvis +     b - +5 dagger (elec)
rCold  . . .     Gourm    .     (armour restricted)
rNeg   . . .     Faith    .     (shield restricted)
rPois  .         Spirit   .     j - +2 hat
rElec  .         Reflect  .     r - +2 cloak {MR+}
rCorr  .         Harm     .     (gloves unavailable)
MR     ++++.                    (boots unavailable)
Stlth  ++++++++++               (no amulet)
                                J - ring of protection from magic
                                n - ring of stealth

@: lethally poisoned (-11 -> -20), wreathed by umbra, repel missiles, very quick
A: unfitting armour, see invisible, herbivore 3, speed 3, slow metabolism 2
a: Shadow Step, Shadow Form, Renounce Religion


You were on level 2 of the Snake Pit.
You worshipped Dithmenos.
Dithmenos was exalted by your worship.
You were not hungry.

You visited 6 branches of the dungeon, and saw 28 of its levels.
You also visited: Labyrinth, Sewer, Ice Cave and Volcano.

You collected 3204 gold pieces.
You spent 607 gold pieces at shops.

Notes
Turn   | Place    | Note
-------+----------+-------------------------------------------
     0 | D:1      | Wurzelsepp the Spriggan Enchanter began the quest for the Orb.
     0 | D:1      | Reached XP level 1. HP: 9/9 MP: 5/5
   460 | D:1      | Reached XP level 2. HP: 11/13 MP: 4/7
   496 | D:1      | Learned a level 2 spell: Ensorcelled Hibernation
  1052 | D:2      | Reached XP level 3. HP: 16/16 MP: 9/9
  1182 | D:2      | Found a shadowy altar of Dithmenos.
  1426 | D:2      | Found a radiant altar of Vehumet.
  1501 | D:2      | Reached XP level 4. HP: 19/21 MP: 0/11
  1623 | D:2      | Found a glowing golden altar of the Shining One.
  1623 | D:2      | Found a burning altar of Makhleb.
  2082 | D:3      | Reached skill level 5 in Hexes
  2698 | D:3      | Reached skill level 5 in Spellcasting
  2698 | D:3      | Reached XP level 5. HP: 24/24 MP: 11/13
  2831 | D:3      | Noticed JGreham's ghost (weakling MiCK)
  2839 | D:3      | Learned a level 3 spell: Confuse
  2855 | D:3      | Killed JGreham's ghost
  3142 | D:2      | Became a worshipper of Dithmenos the Shadowed
  3754 | D:4      | Reached XP level 6. HP: 21/28 MP: 12/15
  4121 | D:4      | Noticed Pytinka's ghost (amateur DrCK)
  4155 | D:4      | Killed Pytinka's ghost
  4317 | D:5      | Entered Level 5 of the Dungeon
  4436 | D:5      | Reached XP level 7. HP: 31/32 MP: 13/18
  4454 | D:5      | Reached skill level 5 in Stealth
  4518 | D:5      | Noticed Sigmund
  4629 | D:5      | Killed Sigmund
  4629 | D:5      | Reached * piety under Dithmenos
  4629 | D:5      | Reached skill level 6 in Stealth
  4830 | D:5      | Found a sparkling altar of Nemelex Xobeh.
  4883 | D:5      | Reached skill level 7 in Stealth
  5106 | D:5      | Reached XP level 8. HP: 28/36 MP: 19/19
  5370 | D:5      | Reached skill level 8 in Stealth
  5453 | D:5      | Found a staircase to the Ecumenical Temple.
  5489 | Temple   | Entered the Ecumenical Temple
  5658 | D:6      | Reached skill level 5 in Short Blades
  5683 | D:6      | Reached skill level 9 in Stealth
  5848 | D:6      | Reached ** piety under Dithmenos
  5892 | D:6      | Found a glowing drain.
  5924 | Sewer    | Entered a sewer
  6245 | Sewer    | Reached *** piety under Dithmenos
  6332 | Sewer    | Reached skill level 10 in Stealth
  7170 | D:7      | Noticed a hippogriff
  7172 | D:7      | Killed a hippogriff
  7172 | D:7      | Reached skill level 1 in Fighting
  7172 | D:7      | Reached XP level 9. HP: 41/41 MP: 15/20
  7257 | D:7      | Noticed dondy's ghost (novice DgFE)
  7267 | D:7      | Killed dondy's ghost
  7267 | D:7      | Reached skill level 5 in Dodging
  7267 | D:7      | Reached skill level 11 in Stealth
  7503 | D:8      | Noticed Erica
  8272 | D:8      | Reached **** piety under Dithmenos
  8277 | D:8      | Learned a level 3 spell: Tukima's Dance
  8281 | D:8      | Learned a level 3 spell: Dazzling Spray
  8349 | D:8      | Found a shattered altar of Ashenzari.
  8440 | D:8      | Found a white marble altar of Elyvilon.
  8777 | D:8      | Killed Erica
  8777 | D:8      | Reached skill level 12 in Stealth
  8777 | D:8      | Reached XP level 10. HP: 26/49 MP: 8/21
  8954 | D:8      | Found an ancient bone altar of Kikubaaqudgha.
  8954 | D:8      | Found an iron altar of Okawaru.
  9220 | D:9      | Noticed Prince Ribbit
  9222 | D:9      | Killed Prince Ribbit
  9265 | D:9      | Found Ler Gikh's Serpentskin Sales.
  9821 | D:10     | Entered Level 10 of the Dungeon
  9961 | D:10     | Noticed a hill giant
  9965 | D:10     | Killed a hill giant
  9965 | D:10     | Reached skill level 13 in Stealth
  9966 | D:10     | Found a roughly hewn altar of Beogh.
 10027 | D:10     | Found a staircase to the Orcish Mines.
 10245 | D:10     | Noticed a cyclops
 10247 | D:10     | Killed a cyclops
 10247 | D:10     | Reached skill level 5 in Fighting
 10292 | D:10     | Found Zoaxt's Magic Scroll Boutique.
 10421 | D:10     | Bought a scroll of identify for 26 gold pieces
 10649 | D:10     | Reached XP level 11. HP: 56/56 MP: 15/22
 10704 | D:10     | Noticed an unseen horror
 10715 | D:10     | Killed an unseen horror
 11263 | D:10     | Reached skill level 10 in Dodging
 11308 | D:10     | Noticed a hill giant
 11465 | D:10     | Noticed a white ugly thing
 11550 | D:10     | Killed a hill giant
 11570 | D:10     | Killed a white ugly thing
 11570 | D:10     | Reached skill level 10 in Short Blades
 11570 | D:10     | Reached skill level 14 in Stealth
 11676 | D:10     | Noticed a hill giant
 11689 | D:10     | Killed a hill giant
 12023 | D:10     | Found a deep blue altar of Sif Muna.
 12056 | D:10     | Noticed a hill giant
 12059 | D:10     | Killed a hill giant
 12126 | D:10     | Identified Sif Muna's Tome of Calling
 12133 | D:11     | Noticed a skeletal warrior
 12196 | D:10     | Noticed a hill giant
 12210 | D:10     | Killed a hill giant
 12537 | D:11     | Noticed a skeletal warrior
 12539 | D:11     | Noticed a skeletal warrior
 12541 | D:11     | Killed a skeletal warrior
 12542 | D:11     | Killed a skeletal warrior
 12545 | D:11     | Killed a skeletal warrior
 12672 | D:11     | Found a staircase to the Lair.
 13117 | D:11     | Noticed a hill giant
 13125 | D:11     | Killed a hill giant
 13257 | Lair:1   | Entered Level 1 of the Lair of Beasts
 13270 | Lair:1   | Noticed an eight-headed hydra
 13273 | Lair:1   | Killed an eight-headed hydra
 13273 | Lair:1   | Reached skill level 15 in Stealth
 13273 | Lair:1   | Reached XP level 12. HP: 62/62 MP: 17/23
 13403 | Lair:1   | Noticed a seven-headed hydra
 13508 | Lair:1   | Reached skill level 1 in Evocations
 13685 | Lair:1   | Found a dark tunnel.
 13710 | Volcano  | Entered a volcano
 14006 | Lair:1   | Reached ***** piety under Dithmenos
 14838 | Lair:1   | Killed a seven-headed hydra
 15432 | Lair:1   | Learned a level 1 spell: Summon Butterflies
 15443 | Lair:2   | Found a staircase to the Snake Pit.
 15443 | Lair:2   | Found a labyrinth entrance.
 15466 | Lab      | Entered a labyrinth
 15962 | Lab      | Noticed a minotaur
 16091 | Lab      | Killed a minotaur
 16091 | Lab      | Reached skill level 16 in Stealth
 16116 | Lab      | Identified Vehumet's Tome of Conjuration
 17204 | Lair:3   | Noticed a four-headed hydra
 17218 | Lair:3   | Killed a four-headed hydra
 17643 | Lair:3   | Reached XP level 13. HP: 68/68 MP: 14/26
 18211 | Lair:4   | Found a staircase to the Shoals.
 19083 | Lair:5   | Noticed CakeIsGreat's ghost (journeyman GrEE)
 19105 | Lair:5   | Reached skill level 5 in Evocations
 19108 | Lair:5   | Noticed Pytinka's ghost (journeyman GrEE)
 19145 | Lair:5   | Reached skill level 10 in Hexes
 20103 | Lair:5   | Reached skill level 17 in Stealth
 20464 | Lair:6   | Entered Level 6 of the Lair of Beasts
 20861 | Lair:6   | Found a runed door.
 20862 | Lair:6   | Found a viscous altar of Jiyva.
 20864 | Lair:6   | Found a staircase to the Slime Pits.
 21294 | Lair:6   | HP: 3/70 [poisoned by a water moccasin]
 23686 | Lair:6   | Reached skill level 18 in Stealth
 23866 | Lair:6   | Reached XP level 14. HP: 75/75 MP: 18/28
 24451 | Lair:6   | Reached skill level 1 in Summonings
 26015 | Lair:5   | Killed Pytinka's ghost
 26716 | Lair:5   | Killed CakeIsGreat's ghost
 26966 | Lair:1   | Learned a level 2 spell: Blink
 27361 | Lair:1   | Reached skill level 1 in Translocations
 27371 | Lair:1   | Reached skill level 10 in Fighting
 28104 | D:12     | Found Raycvi's Antique Armour Emporium.
 28130 | D:12     | Bought a creamy pearl robe for 176 gold pieces
 28130 | D:12     | Bought a runed hat for 310 gold pieces
 28145 | D:12     | Identified the cursed +0 robe of the Morning Star {rF++ rCorr Int-2 Dex+2} (You bought it in a shop on level 12 of the Dungeon)
 28203 | D:12     | Noticed Gastronok
 28204 | D:12     | Killed Gastronok
 28281 | D:12     | Reached ****** piety under Dithmenos
 28444 | D:12     | Reached skill level 10 in Spellcasting
 28690 | D:12     | Found Subasm's Weapon Shoppe.
 28765 | D:12     | Noticed Nessos
 28825 | D:12     | Killed Nessos
 29291 | D:12     | Found Watageoh's Armour Shop.
 30125 | D:13     | Noticed Kirke
 30257 | D:13     | Killed Kirke
 30500 | D:13     | Got a bloodstained cloak
 30511 | D:13     | Identified the +1 cloak "Inilufof" {rC+ Int+4 Slay+2 Stlth-} (You found it on level 13 of the Dungeon)
 31373 | D:14     | Noticed Louise
 31375 | D:14     | Killed Louise
 31375 | D:14     | Reached XP level 15. HP: 81/81 MP: 30/30
 31567 | D:14     | Reached skill level 5 in Translocations
 31610 | D:14     | Found a gate to the Vaults.
 32630 | D:15     | Entered Level 15 of the Dungeon
 32847 | D:15     | Found a staircase to the Depths.
 32988 | D:15     | Found a stormy altar of Qazlal.
 33470 | D:15     | Reached skill level 19 in Stealth
 34798 | D:15     | Reached skill level 15 in Dodging
 35243 | Orc:1    | Entered Level 1 of the Orcish Mines
 35537 | Orc:2    | Entered Level 2 of the Orcish Mines
 35680 | Orc:1    | Noticed Urug
 35683 | Orc:1    | Found Pemuegh's Magic Scroll Shoppe.
 35684 | Orc:1    | Killed Urug
 35702 | Orc:1    | Reached skill level 10 in Evocations
 35729 | Orc:1    | Bought a scroll of magic mapping for 59 gold pieces
 35979 | Orc:2    | Found a staircase to the Elven Halls.
 36001 | Orc:2    | Found Eqaellol's Magic Scroll Shoppe.
 36291 | Orc:2    | Reached skill level 1 in Ice Magic
 36586 | Orc:2    | Found Pone's General Store.
 36600 | Orc:2    | Found Sauma's Antique Weapon Boutique.
 37058 | Orc:2    | Found Xiott's Jewellery Shop.
 37060 | Orc:2    | Bought a scroll of teleportation for 36 gold pieces
 37475 | Elf:1    | Entered Level 1 of the Elven Halls
 37581 | Elf:1    | Found a frozen archway.
 37622 | Elf:1    | Reached XP level 16. HP: 87/87 MP: 20/32
 37849 | IceCv    | Entered an ice cave
 40069 | IceCv    | Noticed an Ice Fiend
 42002 | Elf:1    | Found a roughly hewn altar of Beogh.
 43776 | Lair:1   | Learned a level 2 spell: Repel Missiles
 43779 | Lair:1   | Learned a level 1 spell: Apportation
 43803 | Snake:1  | Entered Level 1 of the Snake Pit
 43808 | Snake:1  | Got twisted ice dragon scales
 43809 | Snake:1  | Identified the +1 ice dragon scales of Hyziudat {rF- rC++ MR- Int+7} (You found it on level 1 of the Snake Pit)
 44072 | Snake:1  | Reached skill level 1 in Charms
 44845 | Snake:1  | Reached skill level 20 in Stealth
 46548 | Snake:2  | Reached XP level 17. HP: 94/94 MP: 27/34
 46953 | Snake:2  | Mangled by a nagaraja

Inventory:

Hand Weapons
 a - the +9 dagger of Chilly Death {flash freeze, rPois rF- rC++ MR+}
   (You took it off a minotaur in a labyrinth)

   It has been specially enchanted to freeze those struck by it, causing extra
   injury to most foes and up to half again as much damage against particularly
   susceptible opponents.
   It can also slow down cold-blooded creatures.
   It makes you vulnerable to fire.
   It greatly protects you from cold.
   It protects you from poison.
   It affects your resistance to hostile enchantments.
 b - a +5 dagger of electrocution (weapon)
 c - a +0 blowgun
Missiles
 f - 7 curare-tipped needles
 F - 95 poisoned needles (quivered)
Armour
 j - a +2 hat (worn)
 p - a +2 robe of fire resistance
 r - a +2 cloak of magic resistance (worn)
 v - the +1 ice dragon scales of Hyziudat {rF- rC++ MR- Int+7}
   (You found it on level 1 of the Snake Pit)

   It affects your intelligence (+7).
   It makes you vulnerable to fire.
   It greatly protects you from cold.
   It affects your resistance to hostile enchantments.
 K - a +2 robe of cold resistance
 P - the +1 cloak "Inilufof" {rC+ Int+4 Slay+2 Stlth-}
   (You found it on level 13 of the Dungeon)

   It affects your intelligence (+4).
   It affects your accuracy and damage with ranged weapons and melee attacks
   (+2).
   It protects you from cold.
   It makes you less stealthy.
 W - the +0 robe of the Morning Star {rF++ rCorr Int-2 Dex+2}
   (You bought it in a shop on level 12 of the Dungeon)

   It affects your intelligence (-2).
   It affects your dexterity (+2).
   It greatly protects you from fire.
   It protects you from acid and corrosion.
Jewellery
 n - a ring of stealth (left hand)
 t - an uncursed ring of protection from fire
 y - a +4 ring of protection
 C - an uncursed ring of resist corrosion
 J - a ring of protection from magic (right hand)
 M - a +4 ring of evasion {unknown}
 O - an uncursed ring of positive energy
Wands
 E - a wand of disintegration (15/24)
 H - a wand of disintegration (4/24)
 I - a wand of paralysis (2/24)
 U - a wand of polymorph (15/24)
 V - a wand of iceblast (5/15)
Scrolls
 e - 12 scrolls of remove curse
 g - 4 scrolls of fog
 h - 13 scrolls of identify
 l - 4 scrolls of teleportation
 u - a scroll of silence
 w - a scroll of amnesia
 A - 2 scrolls of enchant weapon
 B - 4 scrolls of fear
 Q - 3 scrolls of blinking
Potions
 i - 2 potions of berserk rage
 k - 5 potions of flight
 m - 2 potions of haste
 o - 7 potions of cancellation
 q - 3 potions of heal wounds
 x - a potion of invisibility
 z - 7 potions of curing
 G - 4 potions of resistance
 L - a potion of ambrosia
Miscellaneous
 s - a crystal ball of energy
 D - a sack of spiders
Comestibles
 d - 10 bread rations

Table legend:
 A = Turns spent in this place as a percentage of turns spent in the entire game.
 B = Non-inter-level travel turns spent in this place as a percentage of non-inter-level travel turns spent in the entire game.
 C = Inter-level travel turns spent in this place as a percentage of turns spent in this place.
 D = Turns resting spent in this place as a percentage of non-inter-level travel turns spent in this place.
 E = Turns spent auto-exploring this place as a percentage of non-inter-level travel turns spent in this place.
 F = Non-inter-level travel turns spent in this place divided by the number of levels of this place that you've seen.
                   A       B       C       D       E      F
               +-------+-------+-------+-------+-------+----------------------
         Total | 100.0 | 100.0 |   0.5 |   3.1 |   4.4 | 501.8
       Dungeon |  34.5 |  34.4 |   0.8 |   3.1 |   7.7 | 368.0
        Temple |   0.0 |   0.0 |   0.0 |   0.0 |   0.0 |   1.0
          Lair |  32.9 |  32.9 |   0.4 |   3.1 |   2.3 | 881.0
     Snake Pit |   6.0 |   6.0 |   0.3 |   3.2 |   6.1 | 485.0
  Orcish Mines |   4.7 |   4.7 |   0.7 |   2.6 |   6.0 | 378.0
   Elven Halls |   8.5 |   8.5 |   0.1 |   3.4 |   2.6 | 685.0
     Labyrinth |   3.8 |   3.8 |   0.0 |   0.6 |   0.0 | 618.0
         Sewer |   1.6 |   1.7 |   0.0 |   1.9 |   5.3 | 265.0
      Ice Cave |   7.7 |   7.8 |   0.0 |   4.2 |   0.2 | 1249.0
       Volcano |   0.1 |   0.1 |   0.0 |   0.0 |   0.0 |  23.0
               +-------+-------+-------+-------+-------+----------------------


   Skills:
 * Level 12.5 Fighting
 - Level 10.7 Short Blades
 + Level 16.1 Dodging
 + Level 20.1 Stealth
 + Level 12.4 Spellcasting
 - Level 12.0 Hexes
 + Level 3.9 Charms
 + Level 2.7 Summonings
 - Level 8.7 Translocations
 - Level 3.4 Ice Magic
 + Level 11.8 Evocations


You had 22 spell levels left.
You knew the following spells:

 Your Spells              Type           Power        Failure   Level  Hunger
a - Ensorcelled Hibernat  Hex/Ice        #####.       1%          2    None
b - Corona                Hex            ######.      1%          1    None
c - Confuse               Hex            ######..     1%          3    None
d - Dazzling Spray        Conj/Hex       #####.       1%          3    None
e - Tukima's Dance        Hex            ######..     1%          3    None
f - Summon Butterflies    Summ           ####....     1%          1    None
g - Blink                 Tloc           N/A          1%          2    None
h - Repel Missiles        Chrm/Air       ###...       2%          2    None
i - Apportation           Tloc           ######....   1%          1    None


Dungeon Overview and Level Annotations

Branches:
Dungeon (15/15)            Temple (1/1) D:5            Lair (6/6) D:11
 Shoals (0/4) Lair:4        Snake (2/4) Lair:2        Slime (0/5) Lair:6
    Orc (2/2) D:10            Elf (2/3) Orc:2        Vaults (0/5) D:14
 Depths (0/5) D:15

Altars:
Ashenzari
Dithmenos
Elyvilon
Gozag
Kikubaaqudgha
Makhleb
Nemelex Xobeh
Okawaru
Qazlal
Sif Muna
Uskayaw
Vehumet
Xom
Zin
The Shining One
Beogh
Jiyva

Shops:
D:9 *   D:10 ?   D:12 [[(   Orc:1 ?   Orc:2 (?=*


Innate Abilities, Weirdness & Mutations

You are very small and have problems with some larger weapons.
You are too small for most types of armour.
You have supernaturally acute eyesight. (SInv)
You are a herbivore.
You cover ground extremely quickly.
You need consume almost no food.


Message History

The nagaraja is almost dead.
* * * LOW HITPOINT WARNING * * *
You feel sick.
You feel much better.
You feel sick. The nagaraja hits you with a spear!!
* * * LOW HITPOINT WARNING * * *
x2 The nagaraja constricts you.
Casting: Confuse
Confirm with . or Enter, or press ? or * to list all spells.
You escape the nagaraja's grasp.
You blink.
* * * LOW HITPOINT WARNING * * *
You feel sick. The nagaraja spits poison at you.
The splash of poison misses you.
Casting: Blink
Confirm with . or Enter, or press ? or * to list all spells.
Okay, then.
* * * LOW HITPOINT WARNING * * *
You feel sick.
The nagaraja hits you from afar with a spear!
You die...

...## #####.....#..### ....#
#..........##.. ....#
##............# ....#
##............# ....###
#...§§§§§.....# .#
..S#..###...§§§§..§..## ..#
...##..###..§§§N§....# ....
#.####..##..§§§§§§..## ##...
..# ##...[.#§§§§@§.## #...##
.####......###§§§§.#
###.....##
#.............§§..####.....#
#.#
##.........###........<.###
#.#
##........##..####........#
#. ###.........##
##.##......###. ###..#....#
#....##......#..
#.###..###......##........
#.#.....##......##........


You could see a nagaraja.

Table legend:
 A = Kills in this place as a percentage of kills in entire the game.
 B = Kills by you in this place as a percentage of kills by you in the entire game.
 C = Kills by friends in this place as a percentage of kills by friends in the entire game.
 D = Other kills in this place as a percentage of other kills in the entire game.
 E = Experience gained in this place as a percentage of experience gained in the entire game.
 F = Experience gained in this place divided by the number of levels of this place that you have seen.
                   A       B       C       D       E      F
               +-------+-------+-------+-------+-------+----------------------
         Total | 100.0 | 100.0 |  -nan | 100.0 | 100.0 | 6854.1
       Dungeon |  45.6 |  45.7 |  -nan |   0.0 |  32.5 | 4758.4
          Lair |  23.3 |  23.3 |  -nan |  33.3 |  26.3 | 9630.3
     Snake Pit |   5.6 |   5.6 |  -nan |   0.0 |  13.8 | 15086.0
  Orcish Mines |   7.1 |   7.1 |  -nan |   0.0 |   6.8 | 7429.0
   Elven Halls |   6.9 |   6.7 |  -nan |  66.7 |  15.4 | 16887.5
     Labyrinth |   0.8 |   0.8 |  -nan |   0.0 |   1.6 | 3549.0
         Sewer |   4.9 |   4.9 |  -nan |   0.0 |   0.2 | 335.0
      Ice Cave |   5.7 |   5.7 |  -nan |   0.0 |   3.2 | 7004.0
       Volcano |   0.1 |   0.1 |  -nan |   0.0 |   0.2 | 480.0
               +-------+-------+-------+-------+-------+----------------------

Vanquished Creatures
  Gastronok (D:12)
  Kirke (D:13)
  An orc warlord (Elf:1)
  A deep elf sorcerer (Elf:1)
  Louise (D:14)
  A very ugly thing (Elf:1)
  Nessos (D:12)
  A deep elf demonologist (Elf:1)
  The ghost of CakeIsGreat the Thaumaturge, a journeyman GrEE of Vehumet (Lair:5)
  The ghost of Pytinka the Earth Mage, a journeyman GrEE of Vehumet (Lair:5)
  A dire elephant (Lair:6)
  A minotaur (Lab)
  A yaktaur captain (D:15)
  7 naga warriors
  10 hydras
  4 centaur warriors (D:14)
  4 vault guards (D:14)
  A death knight (D:14)
  9 anacondas
  Erica (D:8)
  2 ogre magi (Orc:2)
  3 dancing weapons (Elf:1)
  A merfolk avatar (Lair:5)
  A shock serpent (Snake:1)
  Urug (Orc:1)
  A vampire mage (D:15)
  3 orc high priests (Elf:1)
  A deep elf knight (Elf:2)
  4 skeletal warriors
  A golden dragon zombie (D:15)
  2 deep trolls (Orc:2)
  6 unseen horrors
  A sea snake (Lair:6)
  The ghost of dondy the Destroyer, a novice DgFE (D:7)
  2 deep elf archers
  A wizard (D:14)
  2 naga ritualists
  13 hill giants
  A necromancer (D:15)
  5 orc knights (Elf:1)
  21 deep elf magi
  A fire giant zombie (D:15)
  3 mana vipers
  A harpy (Lair:6)
  A salamander (shapeshifter) (Elf:1)
  6 cyclopes
  3 manticores
  20 ugly things
  11 black mambas
  8 salamanders
  11 elephants
  5 naga magi
  A guardian serpent (Snake:1)
  2 centaur zombies
  11 spiny frogs
  An ice statue (IceCv)
  4 rime drakes
  2 kobold demonologists (D:12)
  2 anaconda simulacra (IceCv)
  4 ice devils (IceCv)
  3 freezing wraiths (IceCv)
  12 komodo dragons
  A guardian mummy (D:15)
  2 wolf spider simulacra (IceCv)
  A golden dragon simulacrum (IceCv)
  6 hornets
  A wind drake (Lair:6)
  6 two-headed ogres (Orc:2)
  4 polar bears (Lair:6)
  12 blink frogs
  Prince Ribbit (D:9)
  17 trolls
  5 slime creatures (D:14)
  6 dream sheep
  8 hippogriffs
  Sigmund (D:5)
  A spriggan skeleton (D:15)
  4 wraiths (D:14)
  A redback (Lab)
  13 spriggans
  A shadow (D:15)
  5 wyverns
  2 water elementals
  35 yaks
  4 dire elephant simulacra (IceCv)
  8 basilisks
  The ghost of Pytinka the Chopper, an amateur DrCK of Xom (D:4)
  7 hogs (D:13)
  3 hungry ghosts
  14 nagas
  A harpy simulacrum (IceCv)
  4 vampire mosquitoes (D:15)
  3 mottled dragons
  2 wargs (Orc:1)
  3 iron troll simulacra (IceCv)
  A soldier ant (D:12)
  13 water moccasins
  5 porcupines
  3 hydra simulacra (IceCv)
  A black bear (D:10)
  20 orc warriors
  An ettin simulacrum (IceCv)
  A phantom (D:10)
  3 ice beasts
  A sky beast (D:6)
  22 ogres
  4 necrophages
  10 wolves
  An alligator simulacrum (IceCv)
  9 centaurs
  An eye of draining (D:15)
  16 crocodiles
  A yaktaur zombie (D:15)
  4 big kobolds
  15 bullfrogs
  2 earth elementals (Elf:1)
  A wyvern zombie (D:12)
  6 scorpions
  51 killer bees
  4 wights (D:10)
  4 electric eels
  4 howler monkeys
  9 crimson imps
  A quasit (D:14)
  4 bullfrog zombies
  2 draconian simulacra (IceCv)
  7 hounds
  4 jellies
  2 bullfrog skeletons
  3 centaur skeletons
  11 orc priests
  5 iguanas
  18 orc wizards
  9 worker ants
  A spriggan simulacrum (IceCv)
  4 troll simulacra (IceCv)
  A polar bear simulacrum (IceCv)
  A wolf simulacrum (IceCv)
  The ghost of JGreham the Chopper, a weakling MiCK of Xom (D:3)
  3 centaur simulacra (IceCv)
  2 hound skeletons
  A howler monkey zombie (D:8)
  11 gnolls
  6 naga simulacra (IceCv)
  6 river rats
  20 adders
  2 ogre simulacra (IceCv)
  A shadow imp (D:6)
  4 white imps (IceCv)
  6 ufetubi (IceCv)
  2 oozes (Lair:6)
  An adder zombie (D:5)
  5 worms
  2 dart slugs
  10 leopard geckos
  82 orcs
  6 ball pythons
  9 bats
  5 giant cockroaches
  4 goblins
  4 hobgoblins
  7 jackals
  6 quokkas
  7 frilled lizards
  30 kobolds
  2 leopard gecko skeletons (D:4)
  30 rats
  A fungus (Lair:2)
979 creatures vanquished.

Vanquished Creatures (others)
  2 ufetubi (IceCv)
  25 fungi
  43 plants
70 creatures vanquished.

Grand Total: 1049 creatures vanquished

Action                   |  1- 3 |  4- 6 |  7- 9 | 10-12 | 13-15 | 16-18 || total
-------------------------+-------+-------+-------+-------+-------+-------++-------
Melee: Dagger            |    77 |   122 |   273 |   530 |   751 |   572 ||  2325
       Blowgun           |       |       |       |       |     6 |       ||     6
 Fire: Blowgun           |       |       |       |     8 |    11 |       ||    19
 Cast: Corona            |     7 |     8 |     8 |     6 |     7 |       ||    36
       Ensorcelled Hiber |     6 |    33 |    78 |   217 |   501 |   187 ||  1022
       Confuse           |       |     3 |    17 |    13 |    53 |    41 ||   127
       Summon Butterflie |       |       |       |       |     8 |     6 ||    14
       Dazzling Spray    |       |       |       |       |     7 |       ||     7
       Blink             |       |       |       |       |     6 |     4 ||    10
       Tukima's Dance    |       |       |       |       |     3 |       ||     3
       Repel Missiles    |       |       |       |       |       |     1 ||     1
Invok: Shadow Step       |       |       |     1 |     7 |     6 |     1 ||    15
Evoke: Wand              |       |       |     2 |       |     3 |     9 ||    14
       Sack of spiders   |       |       |       |       |       |     2 ||     2
  Use: Scroll            |       |     1 |     5 |    22 |    17 |     2 ||    47
       Potion            |       |       |       |     1 |     4 |     3 ||     8
 Stab: Sleeping          |    12 |    28 |    80 |   158 |   271 |   108 ||   657
       Confused          |       |     2 |     4 |     5 |    24 |    27 ||    62
       Distracted        |       |       |     1 |    11 |    11 |     2 ||    25
       Paralysed         |       |       |       |       |     1 |       ||     1
       Invisible         |       |       |       |       |     3 |     1 ||     4
  Eat: Pizza             |       |     1 |     1 |     1 |     1 |       ||     4
       Bread ration      |       |       |     1 |       |     2 |     1 ||     4
       Fruit             |       |       |       |     2 |     9 |       ||    11
Armor: Robe              |    12 |     8 |    22 |    27 |    23 |    12 ||   104
       Skin              |       |       |       |       |       |     2 ||     2
Dodge: Dodged            |    73 |    86 |   208 |   542 |   608 |   360 ||  1877
       Deflected         |       |       |       |       |       |     4 ||     4
